[Event "Titled Tuesday Blitz August 31 2021"]
[White "Moroni, Luca Jr"]
[Black "Maiorov, Nikita"]
[WhiteFideId "865834"]
[BlackFideId "13501720"]
[WhiteElo "2491"]
[BlackElo "2440"]
[Result "1-0"]
[Round "09"]
[TimeControl "180+1"]
[Date "2021.08.31"]
[WhiteClock "0:00:04"]
[BlackClock "0:00:02"]

1. d4 Nf6 2. c4 e6 3. Nc3 Bb4 4. Nf3 Bxc3+ 5. bxc3 d6 6. Bg5 b6 7. e3 Bb7 8. Bd3 Nbd7 9. Qc2 h6 10. Bh4 g5 11. Bg3 Qe7 12. h3 Nh5 13. Bh2 f5 14. d5 Nc5 15. Nd4 Ng7 16. dxe6 Nxd3+ 17. Qxd3 Bxg2 18. Rg1 Be4 19. Qd2 Nxe6 20. f3 Bb7 21. Nxf5 Qf6 22. e4 O-O-O 23. O-O-O Rhg8 24. Kb2 Nc5 25. Qd4 Qe6 26. Ka1 Kb8 27. Bg3 Ba6 28. Qd5 Bxc4 29. Qxe6 Bxe6 30. Ne7 Bxh3 31. e5 dxe5 32. Rxd8+ Rxd8 33. Nc6+ Kc8 34. Nxd8 Kxd8 35. Bxe5 Ne6 36. Rh1 Bg2 37. Rxh6 Kd7 38. Rh7+ Kc6 39. Rf7 a5 40. Kb2 b5 41. a3 Kd5 42. Bg3 c6 43. Rf5+ Kc4 44. Kc2 Bf1 45. Re5 Nc5 46. Rxg5 Bd3+ 47. Kd2 Bb1 48. Rg4+ Kb3 49. Bd6 Na4 50. f4 Nxc3 51. Rg3 b4 52. axb4 axb4 53. Bxb4 Kxb4 54. Rxc3 c5 55. Rc1 Bf5 56. Re1 c4 57. Re5 c3+ 58. Kc1 Bd3 59. f5 1-0


[Site "https://www.chess.com"]

[Event "Titled Tuesday Blitz August 31 2021"]
[White "Mukhutdinov, Tigran"]
[Black "Goltsev, Dmitry"]
[WhiteFideId "34108570"]
[BlackFideId "24176710"]
[WhiteElo "2154"]
[BlackElo "2369"]
[Result "0-1"]
[Round "09"]
[TimeControl "180+1"]
[Date "2021.08.31"]
[WhiteClock "0:00:42"]
[BlackClock "0:00:06"]

1. Nf3 d5 2. g3 c6 3. Bg2 Nf6 4. c4 g6 5. O-O Bg7 6. d4 O-O 7. Qb3 Qb6 8. Bd2 Ne4 9. cxd5 Qxb3 10. axb3 cxd5 11. Bb4 Nc6 12. Be1 Nxd4 13. Nxd4 Bxd4 14. Nc3 Nf6 15. Ra4 e5 16. e3 Bxc3 17. Bxc3 Re8 18. Rfa1 a6 19. f4 Bd7 20. Ra5 Ng4 21. Bxd5 Nxe3 22. Bxe5 Nxd5 23. Rxd5 Be6 24. Rd6 Rac8 25. b4 Rc4 26. Rad1 Bg4 27. Rd8 Rc8 28. Rxe8+ Rxe8 29. Rd6 Rc8 30. Bf6 h5 31. Kf2 Kh7 32. Ke3 Re8+ 33. Kd4 Re2 34. Kc5 Rxh2 35. Rd8 g5 36. Bxg5 Rxb2 37. Rf8 Kg6 38. Rg8+ Kf5 39. Rg7 Ke6 40. Rh7 Rb3 41. Rh6+ Kf5 42. Rf6+ Ke4 43. Rxf7 b5 44. Re7+ Kf3 45. Bh4 Rb1 46. Kb6 Rxb4 47. Kxa6 Rb1 48. Re5 b4 49. f5 b3 50. Rb5 Ke4 51. f6 Be2 52. f7 Rf1 0-1


[Site "https://www.chess.com"]

[Event "Titled Tuesday Blitz August 31 2021"]
[White "Musovic, Armin"]
[Black "Buscar, Michael"]
[WhiteFideId "939935"]
[BlackFideId "2603616"]
[WhiteElo "2250"]
[BlackElo "2010"]
[Result "1/2-1/2"]
[Round "09"]
[TimeControl "180+1"]
[Date "2021.08.31"]
[WhiteClock "0:00:13"]
[BlackClock "0:00:03"]

1. a3 a6 2. Nc3 Nc6 3. e4 e5 4. Nf3 Nf6 5. d4 exd4 6. Nd5 Be7 7. Bc4 Nxe4 8. O-O O-O 9. Re1 Nd6 10. Ba2 Re8 11. Nxe7+ Rxe7 12. Bg5 Rxe1+ 13. Qxe1 Qf8 14. Rd1 h6 15. Bh4 Nf5 16. Qe4 d6 17. Bg3 Bd7 18. Qf4 Re8 19. c3 dxc3 20. bxc3 Nxg3 21. hxg3 Be6 22. Bb1 Bb3 23. Rd2 Qe7 24. Rb2 Bd5 25. Qf5 Be4 26. Bxe4 Qxe4 27. Qxe4 Rxe4 28. Rxb7 Re7 29. Nd4 Nxd4 30. cxd4 Re4 31. Rxc7 Rxd4 32. Rc8+ Kh7 33. Rc6 a5 34. Ra6 Ra4 35. Rxd6 Rxa3 36. Ra6 Ra2 37. g4 f6 38. f4 Ra4 39. g3 Ra2 40. Kf1 Kg6 41. Rb6 a4 42. Rb5 a3 43. Ra5 Kf7 44. Ra7+ Kg6 45. Kg1 Kh7 46. Kf1 Kg6 47. Kg1 Kh7 48. Kf1 Kg8 49. Kg1 Ra1+ 50. Kg2 a2 51. Kh2 Kh8 52. Kg2 Kh7 53. Kh2 Kg6 54. Kg2 h5 55. gxh5+ Kxh5 56. Kh2 Kg6 57. g4 Kh6 58. Ra6 Kg6 59. Ra7 Rf1 60. f5+ Kg5 61. Rxa2 Kxg4 62. Rg2+ Kxf5 63. Rxg7 Kf4 64. Kg2 Ra1 65. Rb7 Ra2+ 66. Kf1 f5 67. Rb4+ Kg3 68. Rb3+ Kg4 69. Rb4+ f4 70. Rb3 Rc2 71. Ra3 Rh2 72. Rb3 Ra2 73. Rc3 Rb2 74. Ra3 Rh2 75. Rb3 Rh3 76. Rb8 Rh2 77. Rb3 1/2-1/2


[Site "https://www.chess.com"]

[Event "Titled Tuesday Blitz August 31 2021"]
[White "Naroditsky, Daniel"]
[Black "Jobava, Baadur"]
[WhiteFideId "2026961"]
[BlackFideId "13601520"]
[WhiteElo "2608"]
[BlackElo "2748"]
[Result "0-1"]
[Round "09"]
[TimeControl "180+1"]
[Date "2021.08.31"]
[WhiteClock "0:00:03"]
[BlackClock "0:00:20"]

1. b3 d5 2. Bb2 c6 3. d3 Nf6 4. Nd2 Bf5 5. g3 e6 6. Bg2 h6 7. e4 Bh7 8. Qe2 Be7 9. Ngf3 O-O 10. O-O Re8 11. Ne5 Nbd7 12. f4 a5 13. a4 Nxe5 14. fxe5 Nd7 15. d4 Bb4 16. c3 Bf8 17. Rf2 Bg6 18. Raf1 Be7 19. h4 Rf8 20. c4 dxe4 21. Bxe4 Bxe4 22. Nxe4 Qb6 23. Qg4 Qxb3 24. Bc1 h5 25. Qxh5 f5 26. Nd2 Qxg3+ 27. Rg2 Qxh4 28. Qxh4 Bxh4 29. Ba3 Rf7 30. Rg6 Be7 31. Bxe7 Rxe7 32. Kf2 c5 33. Nf3 cxd4 34. Rd1 Nf8 35. Rgg1 Rd8 36. Rxd4 Rxd4 37. Nxd4 Rc7 38. Rc1 Rc5 39. Nb3 Rxe5 40. c5 Nd7 41. c6 bxc6 42. Rxc6 Re4 43. Rc7 Rb4 44. Nxa5 Rxa4 45. Nc4 Nf6 46. Ke1 Ra1+ 47. Ke2 Ra2+ 48. Kf3 Nd5 49. Rc6 Kf7 50. Ne5+ Kf6 51. Nd7+ Ke7 52. Nc5 Ra3+ 53. Kf2 Nf4 54. Kf1 Ra1+ 55. Kf2 Ra3 56. Kf1 g5 57. Rb6 g4 58. Rb7+ Kf6 59. Nd7+ Kg5 60. Ne5 g3 61. Rg7+ Kf6 62. Ra7 Rxa7 0-1


[Site "https://www.chess.com"]

[Event "Titled Tuesday Blitz August 31 2021"]
[White "Nastore, Pavel-Alexandru"]
[Black "Ulko, Jaroslav"]
[WhiteFideId "1255002"]
[BlackFideId "4116658"]
[WhiteElo "1763"]
[BlackElo "2304"]
[Result "0-1"]
[Round "09"]
[TimeControl "180+1"]
[Date "2021.08.31"]
[WhiteClock "0:00:19"]
[BlackClock "0:01:05"]

1. e4 c5 2. Nf3 e6 3. d4 cxd4 4. Nxd4 Nc6 5. c4 Nf6 6. Nc3 Bb4 7. Nxc6 dxc6 8. Qxd8+ Kxd8 9. e5 Ne4 10. a3 Bxc3+ 11. bxc3 Nxc3 12. a4 a5 13. Bd3 b6 14. Bd2 Nxa4 15. Rxa4 Kc7 16. Be4 Rd8 17. Bc3 Bb7 18. O-O c5 19. Bxb7 Kxb7 20. Rb1 Kc6 21. Ra3 Rd3 22. Rab3 Ra6 23. Ba1 Rxb3 24. Rxb3 Ra8 25. Rd3 Ra7 26. f4 a4 27. Bb2 Ra5 28. Kf2 b5 29. Rd6+ Kc7 30. cxb5 Rxb5 31. Ba3 Kb7 32. Rd7+ Kc6 33. Rxf7 Rb3 34. Bc1 Rb1 35. Ba3 Rb3 36. Bc1 Rb1 37. Be3 a3 38. Ra7 Rb2+ 39. Kf3 a2 40. Ra5 c4 41. Bd4 Rd2 42. Bc3 Rd3+ 43. Ke4 Rxc3 44. Rxa2 Rd3 45. Ra6+ Kb5 46. Rxe6 Rd2 47. Rd6 c3 48. Rd8 Rxd8 0-1


[Site "https://www.chess.com"]

[Event "Titled Tuesday Blitz August 31 2021"]
[White "Nozdrachev, Leonid"]
[Black "Gallegos Diaz, Carlos Alberto"]
[WhiteFideId "24113433"]
[BlackFideId "3900886"]
[WhiteElo "2240"]
[BlackElo "2362"]
[Result "0-1"]
[Round "09"]
[TimeControl "180+1"]
[Date "2021.08.31"]
[WhiteClock "0:00:08"]
[BlackClock "0:00:24"]

1. e4 d6 2. d4 Nf6 3. Nc3 c6 4. h3 Qa5 5. Bd2 e5 6. Nd5 Qd8 7. Nxf6+ Qxf6 8. dxe5 dxe5 9. Nf3 h6 10. Bc3 Bd6 11. Qd2 O-O 12. O-O-O Bc7 13. g4 Qxf3 14. Bd3 Qf4 15. Qxf4 exf4 16. f3 Nd7 17. h4 Ne5 18. Be2 Be6 19. Rdg1 g6 20. h5 g5 21. b3 f6 22. Kb2 Rad8 23. a4 a5 24. Rd1 Rxd1 25. Rxd1 Rd8 26. Rxd8+ Bxd8 27. Bd4 Kf7 28. Kc3 Be7 29. Bb6 Bb4+ 30. Kb2 Nd7 31. Bc7 b6 32. Ba6 Ke7 33. Bc8 Bd6 34. Bxd7 Bxc7 35. Bxc6 Kd6 36. Be8 Bxg4 37. fxg4 f3 38. Kc3 Ke5 39. Kd2 Kf4 40. Ke1 Kxg4 41. c3 Kf4 42. b4 g4 43. Kf1 g3 44. Bd7 g2+ 45. Kf2 axb4 46. cxb4 Be5 0-1


[Site "https://www.chess.com"]

[Event "Titled Tuesday Blitz August 31 2021"]
[White "Nurmanova, Alua"]
[Black "Ezat, Mohamed"]
[WhiteFideId "13729390"]
[BlackFideId "10600906"]
[WhiteElo "1869"]
[BlackElo "2414"]
[Result "0-1"]
[Round "09"]
[TimeControl "180+1"]
[Date "2021.08.31"]
[WhiteClock "0:00:02"]
[BlackClock "0:01:16"]

1. e4 c6 2. d4 d5 3. e5 c5 4. dxc5 Nc6 5. Nf3 Bg4 6. Bb5 e6 7. a3 Bxc5 8. b4 Bb6 9. h3 Bxf3 10. Qxf3 Ne7 11. O-O O-O 12. Bb2 Nd4 13. Qd3 Nxb5 14. Qxb5 Ng6 15. Nd2 Rc8 16. Rac1 Nf4 17. Kh2 a6 18. Qa4 Nxg2 19. Kxg2 Qg5+ 20. Kh1 Qxd2 21. Qb3 Rc4 22. Qf3 Rxc2 23. Rcd1 Qe2 24. Qxe2 Rxe2 25. Bc1 Bxf2 26. Rd2 Rxd2 27. Bxd2 Bd4 0-1


[Site "https://www.chess.com"]

[Event "Titled Tuesday Blitz August 31 2021"]
[White "Odegov, Artem"]
[Black "Mirzoev, Azer"]
[WhiteFideId "34183644"]
[BlackFideId "13400304"]
[WhiteElo "2257"]
[BlackElo "2525"]
[Result "0-1"]
[Round "09"]
[TimeControl "180+1"]
[Date "2021.08.31"]
[WhiteClock "0:00:07"]
[BlackClock "0:00:53"]

1. d4 d5 2. c4 e6 3. Nf3 a6 4. cxd5 exd5 5. Nc3 c6 6. Bf4 Bf5 7. e3 Nd7 8. Be2 Ngf6 9. O-O Be7 10. Qb3 Nb6 11. Rac1 O-O 12. a4 a5 13. Ne5 h6 14. h3 Re8 15. Rfd1 Bb4 16. Na2 Bf8 17. Rxc6 bxc6 18. Nxc6 Qd7 19. Qxb6 Re6 20. Bb5 Ne4 21. Rc1 Rc8 22. Qa7 Rexc6 23. Qxd7 Bxd7 24. Bxc6 Rxc6 25. Rxc6 Bxc6 26. f3 Nd2 27. Nc3 Nc4 28. Bc7 Nxb2 29. Bxa5 Nxa4 30. Nxa4 Bxa4 31. e4 dxe4 32. fxe4 Bc2 33. e5 Be4 34. Kf2 Bd5 35. g3 Be7 36. Ke3 Kf8 37. h4 Ke8 38. Bd2 Kd7 39. Kd3 h5 40. Ke3 Ke6 41. Kf4 g6 42. Bc1 Bd8 43. Bd2 Bb6 44. Be3 Ba5 45. Kg5 Be1 46. Kf4 Bc6 47. Bc1 Bd7 48. Be3 Kd5 49. Bg1 Be6 50. Be3 Bc3 51. Kg5 Bxd4 52. Bd2 Bxe5 53. Be1 Ke4 54. Kh6 Kf3 55. Bc3 Bxc3 56. Kh7 Kxg3 57. Kg8 Kxh4 58. Kh7 g5 59. Kg8 g4 60. Kf8 g3 61. Ke7 g2 62. Kf8 g1=Q 63. Ke7 Qg5+ 64. Ke8 Qf6 65. Kf8 Bb4+ 66. Kg8 Qg6+ 67. Kh8 Bc3# 0-1


[Site "https://www.chess.com"]

[Event "Titled Tuesday Blitz August 31 2021"]
[White "Pastar, Slaven"]
[Black "Nazaretyan, Tigran"]
[WhiteFideId "14402718"]
[BlackFideId "24162345"]
[WhiteElo "2150"]
[BlackElo "2167"]
[Result "0-1"]
[Round "09"]
[TimeControl "180+1"]
[Date "2021.08.31"]
[WhiteClock "0:00:03"]
[BlackClock "0:00:15"]

1. b3 c5 2. Bb2 Nc6 3. Nf3 Qc7 4. c4 e5 5. Nc3 d6 6. Nd5 Qd8 7. e3 Nf6 8. d4 exd4 9. exd4 Nxd5 10. cxd5 Qa5+ 11. Qd2 Qxd2+ 12. Kxd2 Nxd4 13. Nxd4 cxd4 14. Bxd4 f6 15. Rc1 Kd8 16. Bd3 Bd7 17. Rhe1 Be7 18. Re3 b6 19. Ba6 Re8 20. f4 Bf8 21. a4 Rxe3 22. Kxe3 Rb8 23. Bd3 f5 24. g4 fxg4 25. Bxh7 Rc8 26. Rxc8+ Bxc8 27. Ke4 Ke7 28. Bf5 Ba6 29. Bxg4 g6 30. h4 Bh6 31. f5 gxf5+ 32. Bxf5 Be2 33. Be3 Bg7 34. b4 Bd1 35. Bg5+ Kf7 36. a5 Bc2+ 37. Kf4 Be5+ 38. Kg4 Bd1+ 39. Kh3 Bc3 40. axb6 axb6 41. b5 Be2 42. Be6+ Kg6 43. Bd7 Be5 44. Be8+ Kf5 45. Bc6 Ke4 46. Be7 Kf3 47. h5 Bg3 0-1


[Site "https://www.chess.com"]

[Event "Titled Tuesday Blitz August 31 2021"]
[White "Pert, Richard G"]
[Black "Eswaran, Ashritha"]
[WhiteFideId "404748"]
[BlackFideId "2080788"]
[WhiteElo "2441"]
[BlackElo "2461"]
[Result "1-0"]
[Round "09"]
[TimeControl "180+1"]
[Date "2021.08.31"]
[WhiteClock "0:00:35"]
[BlackClock "0:00:29"]

1. d4 Nf6 2. c4 e6 3. Nf3 c5 4. d5 exd5 5. cxd5 d6 6. Nc3 g6 7. e4 a6 8. a4 Bg4 9. Be2 Bxf3 10. Bxf3 Nbd7 11. O-O Bg7 12. Re1 O-O 13. Bf4 Qc7 14. Qd2 Rfe8 15. Rac1 Ne5 16. Be2 Nfd7 17. Bh6 f6 18. Be3 Nf7 19. f4 Rab8 20. Bg4 b5 21. axb5 axb5 22. Be6 Nf8 23. f5 g5 24. b4 c4 25. Ne2 Kh8 26. Nd4 Ne5 27. Nf3 Nxf3+ 28. gxf3 Qe7 29. Ra1 Ra8 30. h4 gxh4 31. Kf2 Qb7 32. Bd4 Rxa1 33. Rxa1 Ra8 34. Rg1 Nxe6 35. fxe6 Ra3 36. Qf4 Ra2+ 37. Kf1 Qe7 38. Qxh4 Rd2 39. Rxg7 Kxg7 40. Qg5+ Kf8 41. Qxd2 1-0


[Site "https://www.chess.com"]

[Event "Titled Tuesday Blitz August 31 2021"]
[White "Petriashvili, Nikoloz"]
[Black "Karthikeyan, Murali"]
[WhiteFideId "13611216"]
[BlackFideId "5074452"]
[WhiteElo "2430"]
[BlackElo "2564"]
[Result "0-1"]
[Round "09"]
[TimeControl "180+1"]
[Date "2021.08.31"]
[WhiteClock "0:00:03"]
[BlackClock "0:00:04"]

1. e4 e5 2. Nf3 Nc6 3. d4 exd4 4. Nxd4 Nf6 5. Nxc6 bxc6 6. e5 Qe7 7. Qe2 Nd5 8. h4 f6 9. c4 Ba6 10. Rh3 Nb6 11. Re3 O-O-O 12. Qc2 fxe5 13. Ra3 Bb7 14. Rxa7 Qxh4 15. Be3 Kb8 16. Rxb7+ Kxb7 17. c5 Nd5 18. Bc4 Ra8 19. Qb3+ Kc8 20. Bxd5 cxd5 21. Qxd5 Rb8 22. Nd2 Rxb2 23. c6 Bd6 24. g3 Qb4 25. Rc1 dxc6 26. Qxc6 Rd8 27. a4 Qb7 28. Qc4 Bb4 29. Rc2 Rxc2 30. Qxc2 Qd5 31. Ke2 Bxd2 32. Bxd2 Kb7 33. Be3 Qc6 34. Qb3+ Ka8 35. Qb2 Qc4+ 36. Kf3 Qd5+ 37. Kg4 h5+ 38. Kg5 e4+ 39. Kg6 Rd6+ 40. Kh7 Qf5+ 41. Kh8 Rd8+ 42. Kxg7 Rd7+ 43. Kh8 Qh7# 0-1


[Site "https://www.chess.com"]

[Event "Titled Tuesday Blitz August 31 2021"]
[White "Pichot, Alan"]
[Black "Abdurakhmonov, Mukhammadali"]
[WhiteFideId "110973"]
[BlackFideId "14207346"]
[WhiteElo "2622"]
[BlackElo "2266"]
[Result "0-1"]
[Round "09"]
[TimeControl "180+1"]
[Date "2021.08.31"]
[WhiteClock "0:00:02"]
[BlackClock "0:00:04"]

1. e4 e5 2. Nf3 Nc6 3. Bc4 Nf6 4. d3 h6 5. O-O d6 6. a4 g5 7. Nc3 Bg7 8. Be3 Be6 9. Bxe6 fxe6 10. a5 a6 11. Ne2 O-O 12. Ng3 Qe8 13. c3 Kh8 14. Nd2 Ne7 15. Qb3 Qd7 16. f3 Ng6 17. Rfd1 g4 18. Rf1 gxf3 19. Rxf3 Ng4 20. Raf1 Rxf3 21. Rxf3 Nh4 22. Qxb7 Rg8 23. Bf2 Nxf3+ 24. Nxf3 Qa4 25. Qxa6 Qd1+ 26. Be1 Rf8 27. Nf1 h5 28. h3 Bh6 29. Qa7 Qxd3 30. hxg4 hxg4 31. N3h2 c5 32. Bf2 Qe2 33. Bxc5 dxc5 34. Qxc5 Kh7 35. Qe7+ Kh8 36. Qh4 Kg7 37. Qxg4+ Qxg4 38. Nxg4 Bc1 39. b3 Bb2 40. Nfe3 Bxc3 41. Nc4 Bd4+ 42. Kh2 Rf4 43. Kg3 Rxe4 44. a6 Re2 45. Nf2 Rxf2 46. Nd6 Ra2 0-1


[Site "https://www.chess.com"]

[Event "Titled Tuesday Blitz August 31 2021"]
[White "Piesik, Piotr"]
[Black "Tsaruk, Maksim"]
[WhiteFideId "1136194"]
[BlackFideId "13511173"]
[WhiteElo "2395"]
[BlackElo "2184"]
[Result "1-0"]
[Round "09"]
[TimeControl "180+1"]
[Date "2021.08.31"]
[WhiteClock "0:00:04"]
[BlackClock "0:00:01"]

1. Nf3 Nf6 2. g3 d5 3. Bg2 c6 4. O-O Bf5 5. d3 e6 6. Nbd2 Nbd7 7. Qe1 h6 8. e4 dxe4 9. dxe4 Bh7 10. Qe2 Be7 11. a4 a5 12. b3 O-O 13. Bb2 Qc7 14. Rfd1 Rfd8 15. Ne1 Ne5 16. Nc4 Nxc4 17. Qxc4 Nd7 18. Qe2 Ne5 19. f4 Nd7 20. Nd3 Nc5 21. Ne5 Rxd1+ 22. Rxd1 Rd8 23. Rxd8+ Qxd8 24. Bf3 Nd7 25. Nc4 Bc5+ 26. Kg2 Nf6 27. Qd3 Qxd3 28. cxd3 Bb4 29. Kf2 Nd7 30. d4 f6 31. Ke3 b5 32. Nd2 bxa4 33. bxa4 Nb6 34. e5 Nxa4 35. Ba1 fxe5 36. fxe5 Nc3 37. Bxc6 Nd5+ 38. Ke2 Kf7 39. Nc4 Ke7 40. Bb2 Nc3+ 41. Bxc3 Bxc3 42. Ke3 Bc2 43. Nb6 g5 44. Ba4 Bf5 45. Nc4 Bb4 46. Nd2 Ba3 47. Nc4 Bc1+ 48. Ke2 Bg4+ 49. Kf2 h5 50. Nxa5 Bb2 51. Nc6+ Kf7 52. Bc2 h4 53. Be4 h3 54. Bf3 Bf5 55. g4 Bd3 56. Ke3 Bb5 57. Nb4 Bc1+ 58. Kf2 Bf4 59. Be2 Ba4 60. Bf1 Bxh2 61. Bxh3 Bf4 62. Nd3 Bd2 63. Nc5 Bb5 64. Bf1 Bc6 65. Bc4 Bc3 66. Nxe6 Ke7 67. Ke3 Bd7 68. Nxg5 Bxg4 69. Ne4 Bb2 70. Bb3 Bf5 71. Nc5 Ba3 72. Bc4 Bg6 73. Nb3 Bc2 74. Nd2 Bc1 75. Ke2 Bf5 76. Bd3 Bg4+ 77. Ke3 Bh5 78. Be2 Bg6 79. d5 Bb2 80. Nf3 Bc1+ 81. Kd4 Bb2+ 82. Kc4 Be4 83. d6+ Kd7 84. Nd4 Bg6 85. Bg4+ Ke8 86. e6 Ba3 87. Kd5 1-0


[Site "https://www.chess.com"]

[Event "Titled Tuesday Blitz August 31 2021"]
[White "Pires, Marcos Vinicius Torsani"]
[Black "Ozen, Bahadir"]
[WhiteFideId "2118939"]
[BlackFideId "6337058"]
[WhiteElo "2273"]
[BlackElo "2503"]
[Result "0-1"]
[Round "09"]
[TimeControl "180+1"]
[Date "2021.08.31"]
[WhiteClock "0:00:18"]
[BlackClock "0:00:15"]

1. e4 b6 2. d4 Bb7 3. Bd3 d6 4. Nf3 Nd7 5. O-O e5 6. d5 Ngf6 7. c4 a5 8. Nc3 g6 9. a3 h5 10. Rb1 Bh6 11. b4 axb4 12. axb4 Kf8 13. Nd2 h4 14. Nb3 Bc8 15. c5 bxc5 16. bxc5 Nh5 17. Ne2 Ndf6 18. cxd6 cxd6 19. Bxh6+ Rxh6 20. Qc1 Kg7 21. Qc6 Ra7 22. Nd2 Ra3 23. Rb3 Rxb3 24. Nxb3 Rh8 25. Rc1 Nf4 26. Nxf4 exf4 27. Nd4 h3 28. g3 fxg3 29. fxg3 Ng4 30. Nf3 Re8 31. Qc3+ Kg8 32. Qd4 Ne5 33. Nxe5 Rxe5 34. Rc6 Bg4 35. Qb4 Qg5 36. Qe1 Qe7 37. Qf2 Bd7 38. Rc7 Qd8 39. Qa7 Be8 40. Rb7 Qg5 41. Qf2 Qc1+ 42. Bf1 Rxe4 43. Rb8 Kg7 44. Qb2+ Qxb2 45. Rxb2 Rd4 46. Bxh3 Rxd5 47. Rb8 Bc6 48. Rb6 Rc5 49. Bg2 Rc1+ 50. Kf2 Rc2+ 51. Kf1 Bxg2+ 52. Kg1 d5 53. Rd6 Be4 54. Kf1 Rxh2 55. g4 Rh4 56. g5 Rg4 57. Kf2 Rxg5 58. Ke3 Rf5 59. Kd4 Rf6 60. Rd8 g5 61. Rb8 Rg6 62. Rb2 g4 63. Rd2 g3 64. Rd1 g2 65. Rg1 Kh6 66. Ke3 Kh5 67. Kf2 Kh4 68. Ke3 Kg3 69. Ke2 Bf3+ 70. Ke3 f5 71. Rd1 f4+ 72. Kd2 Bxd1 73. Kxd1 g1=N 0-1


[Site "https://www.chess.com"]

[Event "Titled Tuesday Blitz August 31 2021"]
[White "Polivanov, Anatoliy"]
[Black "Sadovsky, Artem"]
[WhiteFideId "14109468"]
[BlackFideId "4155840"]
[WhiteElo "2472"]
[BlackElo "2442"]
[Result "1-0"]
[Round "09"]
[TimeControl "180+1"]
[Date "2021.08.31"]
[WhiteClock "0:00:13"]
[BlackClock "0:00:23"]

1. d4 g6 2. e4 Bg7 3. Nc3 c6 4. Be3 d5 5. f3 dxe4 6. fxe4 e5 7. Nf3 exd4 8. Bxd4 Bxd4 9. Qxd4 Qxd4 10. Nxd4 Nd7 11. O-O-O Ne5 12. Nf3 Nxf3 13. gxf3 Be6 14. f4 Nf6 15. Bd3 Ke7 16. f5 gxf5 17. exf5 Bd7 18. Rhe1+ Kd8 19. Bc4 Kc7 20. Re7 Rhf8 21. Bxf7 Rad8 22. Be6 Kc8 23. Bxd7+ Rxd7 24. Rdxd7 Nxd7 25. Ne4 Kd8 26. f6 Re8 27. Rxe8+ Kxe8 28. Nd6+ Kd8 29. Nxb7+ Kc7 30. Na5 Nxf6 31. Nc4 Ng4 32. h3 Nf2 33. h4 Kd7 34. Kd2 Ke6 35. Ke3 Ng4+ 36. Kf4 Nf6 37. Ne3 h6 38. c4 Nh5+ 39. Ke4 Nf6+ 40. Kd4 Nd7 41. b4 Ne5 42. Ke4 h5 43. a4 Ng6 44. Ng2 Kf6 45. b5 cxb5 46. cxb5 Ne7 47. Nf4 Nf5 48. Nxh5+ Ke6 49. Nf4+ Kf6 50. h5 Ne7 51. Nd5+ 1-0


[Site "https://www.chess.com"]

[Event "Titled Tuesday Blitz August 31 2021"]
[White "Postny, Evgeny"]
[Black "Perez Gormaz, Matias"]
[WhiteFideId "2804344"]
[BlackFideId "3406342"]
[WhiteElo "2521"]
[BlackElo "2352"]
[Result "0-1"]
[Round "09"]
[TimeControl "180+1"]
[Date "2021.08.31"]
[WhiteClock "0:01:30"]
[BlackClock "0:01:17"]

1. e4 c5 2. Nf3 d6 3. d4 cxd4 4. Nxd4 Nf6 5. Nc3 a6 6. h4 e5 7. Nb3 Be6 8. Bg5 Nbd7 9. Be2 h6 10. Be3 Rc8 11. g4 Rxc3 12. bxc3 Qc7 13. f3 d5 14. exd5 Nxd5 15. Qd2 Nxc3 16. O-O Be7 17. Bd3 Bxh4 18. Nc5 Nxc5 19. Qxc3 Be7 20. Bc4 Nd7 21. Rfd1 Qxc4 22. Qb2 Qc6 0-1


[Site "https://www.chess.com"]

[Event "Titled Tuesday Blitz August 31 2021"]
[White "Pridorozhni, Aleksei"]
[Black "Harutjunyan, Gevorg"]
[WhiteFideId "4127870"]
[BlackFideId "13300873"]
[WhiteElo "2565"]
[BlackElo "2498"]
[Result "1-0"]
[Round "09"]
[TimeControl "180+1"]
[Date "2021.08.31"]
[WhiteClock "0:00:27"]
[BlackClock "0:00:04"]

1. e4 c6 2. Nc3 d5 3. Nf3 dxe4 4. Nxe4 Nf6 5. Nxf6+ exf6 6. Bc4 Bd6 7. Qe2+ Qe7 8. Qxe7+ Kxe7 9. d4 b5 10. Bd3 Be6 11. Nd2 Na6 12. c3 Rhe8 13. O-O Kd7 14. Ne4 Bf8 15. Bf4 Bd5 16. Rfe1 Re6 17. Nd2 g6 18. Rxe6 Bxe6 19. a4 Nc7 20. Bxc7 Kxc7 21. axb5 cxb5 22. Bxb5 Rb8 23. c4 Rb7 24. Kf1 Bb4 25. Ke2 a5 26. Kd3 Kb6 27. Ne4 Bf5 28. f3 Re7 29. g4 Bxe4+ 30. fxe4 Bd6 31. Ba4 Bxh2 32. Rh1 Bf4 33. Rxh7 f5 34. c5+ Kc7 35. gxf5 gxf5 36. exf5 Re3+ 37. Kc4 Re2 38. Rxf7+ Kd8 39. b3 Rd2 40. f6 Be3 41. Rd7+ Kc8 42. f7 Rf2 43. Re7 Rf4 44. Rxe3 1-0


[Site "https://www.chess.com"]

[Event "Titled Tuesday Blitz August 31 2021"]
[White "Prydun, Andriy"]
[Black "Prraneeth Vuppala"]
[WhiteFideId "14145898"]
[BlackFideId "46622373"]
[WhiteElo "2047"]
[BlackElo "1759"]
[Result "1-0"]
[Round "09"]
[TimeControl "180+1"]
[Date "2021.08.31"]
[WhiteClock "0:01:02"]
[BlackClock "0:00:03"]

1. d4 Nf6 2. Nc3 d5 3. Bf4 e6 4. e3 Bb4 5. Ne2 O-O 6. a3 Be7 7. Ng3 c5 8. dxc5 Bxc5 9. Bd3 h6 10. e4 dxe4 11. Ncxe4 Nxe4 12. Nxe4 Be7 13. Qh5 Qd5 14. Qxd5 exd5 15. Nc3 Be6 16. O-O-O Nc6 17. Rhe1 Rfd8 18. Nb5 Rac8 19. Nc7 Bd6 20. Nxe6 fxe6 21. Bg3 Bxg3 22. hxg3 e5 23. Bf5 Rc7 24. Rxd5 Rxd5 25. Be6+ Kf8 26. Bxd5 Nd4 27. c3 Ke7 28. Kd2 Kd6 29. cxd4 Kxd5 30. dxe5 Ke6 31. g4 g5 32. g3 Rf7 33. Re2 Rf3 34. Ke1 b5 35. Kf1 a5 36. Kg2 Rb3 37. f4 b4 38. f5+ Kf7 39. e6+ 1-0


[Site "https://www.chess.com"]

[Event "Titled Tuesday Blitz August 31 2021"]
[White "Rakhmanov, Aleksandr"]
[Black "Arabidze, Meri"]
[WhiteFideId "4173708"]
[BlackFideId "13604040"]
[WhiteElo "2498"]
[BlackElo "2432"]
[Result "1-0"]
[Round "09"]
[TimeControl "180+1"]
[Date "2021.08.31"]
[WhiteClock "0:00:06"]
[BlackClock "0:00:06"]

1. c4 e6 2. Nc3 d5 3. d4 Nf6 4. Nf3 Nbd7 5. g3 dxc4 6. Bg2 Bb4 7. O-O O-O 8. a3 Bxc3 9. bxc3 Nd5 10. Qc2 b5 11. e4 N5b6 12. e5 h6 13. Qe4 f5 14. exf6 Nxf6 15. Qe2 Nbd5 16. Bd2 Qd6 17. Ne5 Bb7 18. a4 a6 19. Rfb1 c5 20. dxc5 Qxc5 21. axb5 axb5 22. Rxa8 Rxa8 23. Nd7 Nxd7 24. Qxe6+ Kh8 25. Qxd7 Bc6 26. Be3 Nxe3 27. Qxc6 Qxc6 28. Bxc6 Rc8 29. Be4 Re8 30. Bc6 Rc8 31. Bf3 Nc2 32. Rxb5 Ne1 33. Be4 Nd3 34. h4 Nc1 35. Rb2 Re8 36. Bg6 Rc8 37. Kg2 Kg8 38. h5 Kf8 39. Rb7 Ne2 40. Rf7+ Kg8 41. Rf3 Nc1 42. Re3 Na2 43. g4 Kf8 44. Kg3 Kg8 45. f4 Kf8 46. Kh4 Kg8 47. Kg3 Kf8 48. Kf2 Kg8 49. Ke1 Nc1 50. Kd2 Nb3+ 51. Kc2 Nc5 52. Re5 Nb3 53. Be4 Rf8 54. Bd5+ Kh8 55. Bxc4 Na1+ 56. Kb2 Rxf4 57. Re8+ Kh7 58. Bg8+ Kh8 59. Bf7+ 1-0


[Site "https://www.chess.com"]

[Event "Titled Tuesday Blitz August 31 2021"]
[White "Rodriguez Hernandez, Luis Daniel"]
[Black "Lisik, Valery"]
[WhiteFideId "3506770"]
[BlackFideId "4101596"]
[WhiteElo "2133"]
[BlackElo "2564"]
[Result "1-0"]
[Round "09"]
[TimeControl "180+1"]
[Date "2021.08.31"]
[WhiteClock "0:00:31"]
[BlackClock "0:00:16"]

1. e4 e6 2. d4 d5 3. Nd2 Nc6 4. c3 e5 5. exd5 Qxd5 6. Ngf3 exd4 7. Bc4 Qh5 8. O-O Be6 9. Qa4 O-O-O 10. Bb5 dxc3 11. bxc3 Nb8 12. Rb1 Bc5 13. Ne4 Bb6 14. Bg5 f6 15. Ng3 Qg4 16. Rb4 Qxb4 17. Qxb4 fxg5 18. Nxg5 Bxa2 19. c4 a6 20. Ba4 a5 21. Qc3 Nh6 22. Qc2 Ng4 23. Qf5+ 1-0


[Site "https://www.chess.com"]

[Event "Titled Tuesday Blitz August 31 2021"]
[White "Romanchuk, Viktor"]
[Black "Qashashvili, Alexandre"]
[WhiteFideId "14109271"]
[BlackFideId "13600842"]
[WhiteElo "2242"]
[BlackElo "2316"]
[Result "1-0"]
[Round "09"]
[TimeControl "180+1"]
[Date "2021.08.31"]
[WhiteClock "0:00:24"]
[BlackClock "0:01:01"]

1. d4 d5 2. c4 c6 3. Nc3 Nf6 4. e3 Bf5 5. cxd5 Nxd5 6. Nge2 e6 7. Ng3 Bg6 8. e4 Nxc3 9. bxc3 Bd6 10. Bd3 O-O 11. O-O Nd7 12. f4 f5 13. Qb3 Bf7 14. Qxb7 fxe4 15. Nxe4 Be7 16. Qxc6 Rc8 17. Qa6 Qb6 18. Qxb6 Nxb6 19. Rb1 Bg6 20. Rf3 Nc4 21. Rb7 Rf7 22. Rxa7 Rb8 23. f5 Bxf5 24. Bxc4 Bxe4 25. Bxe6 Bxf3 26. Rxe7 Rb1 27. Bxf7+ Kf8 28. Re1 Bc6 29. Ba3+ Kxf7 30. Rxb1 Be4 31. Rb6 Bd5 32. Rb2 1-0


[Site "https://www.chess.com"]